 Dungeon Crawl Stone Soup version 0.31-a0-210-gccc998df9b (webtiles) character file.

Game seed: 2305074354003153861

1836 123456 the Fighter (level 8, -12/78 HPs)
             Began as a Minotaur Fighter on June 30, 2023.
             Mangled by a gnoll sergeant
             ... wielding a +2 heavy trident
              (17 damage)
             ... on level 7 of the Dungeon.
             The game lasted 00:10:53 (6328 turns).

123456 the Fighter (Minotaur Fighter)               Turns: 6328, Time: 00:10:53

Health: -12/78     AC: 13    Str: 23    XL:     8   Next: 87%
Magic:  0/7        EV:  7    Int:  5    God:
Gold:   68         SH:  5    Dex: 10    Spells: 7/7 levels left

rFire   . . .        a - +0 flail
rCold   . . .        c - +0 buckler
rNeg    + . .        v - +0 plate armour
rPois   +            (helmet restricted)
rElec   .            (no cloak)
rCorr   .            (no gloves)
SInv    .            q - +0 pair of boots
Will    .....        x - amulet of guardian spirit Stlth
                     h - ring of positive energy
HPRegen 0.33/turn    y - ring of poison resistance
MPRegen 0.10/turn

%: guardian spirit
@: no status effects
A: horns 2, retaliatory headbutt
a: no special abilities


You were on level 7 of the Dungeon.
You visited 2 branches of the dungeon, and saw 8 of its levels.

You collected 242 gold pieces.
You spent 174 gold pieces at shops.

Inventory:

Hand Weapons
 a - a +0 flail (weapon)
Missiles
 s - a throwing net
Armour
 c - a +0 buckler (worn)
 q - a +0 pair of boots (worn)
 v - a +0 plate armour (worn)
Jewellery
 h - a ring of positive energy (left hand)
 x - an amulet of guardian spirit (around neck)
 y - a ring of poison resistance (right hand)
Scrolls
 b - a scroll of revelation
 e - 2 scrolls of poison
 f - 3 scrolls of enchant weapon
 i - a scroll of fog {unknown}
 m - 2 scrolls of vulnerability {unknown}
 n - a scroll of torment {unknown}
 p - 7 scrolls of fear
 t - a scroll of acquirement {unknown}
 w - a scroll of teleportation
 A - a scroll of immolation {unknown}
Potions
 d - a potion of might
 g - a potion of enlightenment
 j - a potion of lignification
 k - 2 potions of heal wounds
 l - 5 potions of curing
 o - a potion of brilliance {unknown}
 r - a potion of mutation {unknown}
 u - a potion of attraction {unknown}
 z - 2 potions of degeneration {unknown}


   Skills:
 * Level 9.1 Fighting
 * Level 8.6 Maces & Flails
 - Level 5.0 Armour
 - Level 3.0 Dodging
 + Level 2.8 Stealth
 - Level 5.0 Shields


You had 7 spell levels left.
You didn't know any spells.
Your spell library contained the following spells:

 Spells                   Type           Power      Damage    Failure   Level
 Sting                    Tmut/Pois      0%         1d3       100%        1
 Ensorcelled Hibernation  Hex/Ice        0%         N/A       100%        2
 Lesser Beckoning         Tloc           0%         N/A       100%        2
 Passwall                 Tmut/Erth      0%         N/A       100%        2
 Poisonous Vapours        Pois/Air       0%         N/A       100%        2
 Scorch                   Fire           0%         2d5       100%        2
 Gell's Gravitas          Tloc           0%         N/A       100%        3
 Swiftness                Air            0%         N/A       100%        3
 Teleport Other           Tloc           0%         N/A       100%        3
 Flame Wave               Conj/Fire      0%         2d4       100%        4
 Olgreb's Toxic Radiance  Pois           0%         N/A       100%        4
 Summon Cactus Giant      Summ           0%         N/A       100%        6


Dungeon Overview and Level Annotations

Branches:
Dungeon (7/15)             Temple (1/1) D:4

Altars:
Cheibriados
Dithmenos
Elyvilon
Gozag
Hepliaklqana
Kikubaaqudgha
Makhleb
Nemelex Xobeh
Okawaru
Ru
Trog
Uskayaw
Vehumet
Wu Jian
Xom
Yredelemnul
Zin
The Shining One

Shops:
D:5 ?*?[[


Innate Abilities, Weirdness & Mutations

You have a pair of horns on your head.
You reflexively headbutt those who attack you in melee.


Message History

The gnoll hits you with a +0 halberd.
You closely miss the gnoll.
The gnoll sergeant hits you from afar with a +2 heavy trident!
The gnoll hits you but does no damage.
You hit the gnoll but do no damage. The gnoll hits you but does no damage.
You hit the gnoll. Your headbutt misses the gnoll.
The gnoll is lightly wounded.
The gnoll sergeant hits you from afar with a +2 heavy trident.
The gnoll hits you with a +0 halberd.
You hit the gnoll.
The gnoll is moderately wounded.
The gnoll sergeant hits you from afar with a +2 heavy trident!
The gnoll hits you with a +0 halberd.
You thump the gnoll!
You kill the gnoll!
The gnoll sergeant hits you with a +2 heavy trident!
You see here a +0 spear.
You hit the gnoll sergeant but do no damage.
The gnoll sergeant hits you with a +2 heavy trident!
You hit the gnoll sergeant.
The gnoll sergeant is lightly wounded.
You sock the gnoll sergeant! The gnoll sergeant blocks your attack.
The gnoll sergeant is heavily wounded.
The gnoll sergeant barely misses you.
You hit the gnoll sergeant but do no damage.
The gnoll sergeant is heavily wounded.
The gnoll sergeant hits you with a +2 heavy trident!
* * * LOW HITPOINT WARNING * * *
You hit the gnoll sergeant but do no damage.
The gnoll sergeant is heavily wounded.
The gnoll sergeant blocks your attack.
The gnoll sergeant is heavily wounded.
The gnoll sergeant hits you with a +2 heavy trident.
* * * LOW HITPOINT WARNING * * *
The gnoll sergeant attacks as you move away!
The gnoll sergeant hits you with a +2 heavy trident!
* * * LOW HITPOINT WARNING * * *
There is a stone staircase leading up, spattered with blood here.
The gnoll sergeant hits you from afar with a +2 heavy trident!
You die...

#...##+####..####...#
#...##..###..####...#
#.......#...........#
#.......#...........#
#...##..##.##..##...#
#..(######.##..##...#
#..(g......รท....+...#
#...)...........#....#
#...##@..#####..#....#
########## #########


You could see a gnoll sergeant.

Vanquished Creatures
  Sigmund (D:4)
  A steam dragon (D:5)
  2 sky beasts (D:6)
  2 black bears
  An ice beast (D:5)
  2 ogres (D:5)
  A centaur (D:5)
  5 phantoms
  A scorpion (D:5)
  A hound (D:5)
  3 iguanas (D:6)
  Natasha (twice) (D:3)
  An orc wizard (D:6)
  9 gnolls
  4 adders
  A white imp (D:7)
  2 ufetubi
  A worm (D:5)
  3 dart slugs
  14 orcs
  A bat (D:2)
  4 endoplasms
  3 giant cockroaches
  3 goblins
  9 hobgoblins
  4 jackals
  4 quokkas
  6 ball pythons
  6 kobolds
  7 rats
104 creatures vanquished.

Notes
Turn   | Place    | Note
-------+----------+-------------------------------------------
     0 | D:1      | 123456 the Minotaur Fighter began the quest for the Orb.
     0 | D:1      | Reached XP level 1. HP: 19/19 MP: 0/0
   114 | D:1      | Reached XP level 2. HP: 27/27 MP: 1/1
   397 | D:1      | Reached skill level 4 in Fighting
   798 | D:2      | Reached XP level 3. HP: 28/33 MP: 2/2
  1089 | D:2      | Reached skill level 1 in Dodging
  1410 | D:2      | Found a faded altar of an unknown god.
  1482 | D:3      | Found a basalt altar of Yredelemnul.
  1984 | D:3      | Noticed Natasha
  1987 | D:3      | Killed Natasha
  1988 | D:3      | Reached XP level 4. HP: 35/41 MP: 3/3
  2139 | D:3      | Noticed Natasha
  2153 | D:3      | Killed Natasha
  2154 | D:3      | Reached skill level 5 in Fighting
  2217 | D:4      | Noticed Sigmund
  2217 | D:4      | Found a staircase to the Ecumenical Temple.
  2556 | D:4      | Killed Sigmund
  2557 | D:4      | Reached XP level 5. HP: 33/50 MP: 4/4
  2557 | D:4      | Reached XP level 6. HP: 38/57 MP: 5/5
  2828 | Temple   | Entered the Ecumenical Temple
  3266 | D:4      | Reached skill level 5 in Maces & Flails
  3322 | D:4      | Found a hazy altar of Hepliaklqana.
  3456 | D:4      | Found an iron altar of Okawaru.
  3622 | D:5      | Entered Level 5 of the Dungeon
  3644 | D:5      | Noticed an ice beast
  3661 | D:5      | Killed an ice beast
  3662 | D:5      | Reached skill level 6 in Fighting
  3777 | D:5      | Reached skill level 5 in Armour
  3798 | D:5      | Reached XP level 7. HP: 57/64 MP: 6/6
  3942 | D:5      | Reached skill level 7 in Fighting
  3950 | D:5      | Found Xefah Wirhy's Armour Shop.
  4015 | D:5      | Found Suvetsa's Assorted Antiques.
  4023 | D:5      | Bought 2 potions of curing for 144 gold pieces
  4032 | D:5      | Found Seacoown's Armour Shoppe.
  4306 | D:5      | Found an opulent altar of Gozag.
  4309 | D:5      | Found a white marble altar of Elyvilon.
  4363 | D:5      | Reached skill level 1 in Stealth
  4522 | D:5      | Found Kisudghy's Magic Scroll Boutique.
  4572 | D:5      | Found Jauviov's Magic Scroll Shoppe.
  4579 | D:5      | Bought a scroll of teleportation for 30 gold pieces
  4715 | D:5      | Noticed a steam dragon
  4719 | D:5      | Killed a steam dragon
  4720 | D:5      | Reached XP level 8. HP: 74/74 MP: 7/7
  4925 | D:6      | Reached skill level 8 in Fighting
  5015 | D:6      | Identified the +9 rapier "Kaqamoid" {heavy, *Rage rN+
                  | Dex+2}
  5863 | D:6      | Reached skill level 5 in Shields
  6040 | D:7      | Reached skill level 9 in Fighting
  6328 | D:7      | Mangled by a gnoll sergeant

Illustrated notes

Levels and vault maps discovered:
D:1:      dpeg_arrival_rooms_with_view, layout_loops_ring,
          roderic_serpentine_path
D:2:      layout_loops_ring, shapermc_ecumenical_altar_mp_vishouse
D:3:      layout_basic, yredelemnul_altar_generic, minmay_quantized,
          uniq_natasha
D:4:      nicolae_cairo_tiling, layout_rooms, okawaru_gym_becter,
          lemuel_coloured_pillars_altar, minmay_temple_entry_tees, uniq_sigmund
D:5:      layout_basic, nicolae_overflow_hidden_temple, serial_shops, shop,
          shop, shop, nicolae_diamond_shop, nicolae_shop_window_shopping,
          nicolae_titane
D:6:      black_bear_nest_2, layout_loops_ring
D:7:      layout_gridville
Temple:   oiseaux_autumnal_temple

Skill      XL: |  1  2  3  4  5  6  7  8 |
---------------+-------------------------+-----
Fighting       | 4 5 6 7 9 |  9.1
Maces & Flails | 3 4 5 7 8 |  8.6
Armour         | 4 5 |  5.0
Dodging        | 1 2 3 |  3.0
Stealth        | 1 2 |  2.8
Shields        | 4 5 |  5.0

Action                     |  1- 3 |  4- 6 |  7- 9 || total
---------------------------+-------+-------+-------++-------
  Melee: Flail             |    89 |    83 |   143 ||   315
         Headbutt          |     8 |    13 |    25 ||    46
    Use: Scroll            |     1 |     6 |     2 ||     9
 Armour: Scale mail        |    22 |       |       ||    22
         Chain mail        |    26 |    51 |    14 ||    91
         Plate armour      |       |       |    78 ||    78
  Dodge: Dodged            |    42 |    30 |    58 ||   130
  Block: Buckler           |    10 |    20 |    30 ||    60

Table legend: (Time is in decaauts)
 A = Elapsed time spent in this place.
 B = Non-inter-level travel time spent in this place.
 C = Inter-level travel time spent in this place.
 D = Time resting spent in this place.
 E = Time spent auto-exploring this place.
 F = Levels seen in this place.
 G = Mean time per level.
                   A        B        C        D        E       F      G
               +--------+--------+--------+--------+--------+-----+--------+
         Total |   6393 |   6091 |    302 |   1031 |   4138 |   8 |  799.1 |
       Dungeon |   6084 |   5815 |    269 |   1031 |   3876 |   7 |  869.1 |
        Temple |    309 |    276 |     33 |      0 |    261 |   1 |  309.0 |
               +--------+--------+--------+--------+--------+-----+--------+

Top non-repeatable levels by time:
     D:6: 1302 daAuts
     D:3: 1155 daAuts
     D:5: 1153 daAuts
     D:4: 838 daAuts
     D:2: 773 daAuts
     D:1: 688 daAuts
  Temple: 309 daAuts
     D:7: 173 daAuts
